 Dungeon Crawl Stone Soup version 0.27-a0-1202-ge72e49191c (webtiles) character file.

Game seed: 5315983589955430085

9 polve the Poker (level 2, -1/24 HPs)
             Began as a Demonspawn Berserker on June 2, 2021.
             Was a Follower of Trog.
             Slain by a ball python (2 damage)
             ... on level 1 of the Dungeon.
             The game lasted 00:00:20 (400 turns).

polve the Poker (Demonspawn Berserker)               Turns: 400, Time: 00:00:20

Health: -1/24      AC:  2    Str: 17    XL:     2   Next: 6%
Magic:  2/2        EV:  9    Int:  8    God:    Trog [*.....]
Gold:   27         SH:  0    Dex: 12    Spells: 1/1 levels left

rFire    . . .     SeeInvis .   a - +0 spear
rCold    . . .     Faith    .   (no shield)
rNeg     . . .     Spirit   .   b - +0 animal skin
rPois    .         Reflect  .   (no helmet)
rElec    .         Harm     .   (no cloak)
rCorr    .         Rampage  .   (no gloves)
Will     .....                  (no boots)
Stlth    +.........             (no amulet)
HPRegen  0.08/turn              (no ring)
MPRegen  0.16/turn              (no ring)

@: constricted
A: magic regeneration
a: Renounce Religion, Berserk


You were on level 1 of the Dungeon.
You worshipped Trog.
Trog was aware of your devotion.
You visited 1 branch of the dungeon, and saw 1 of its levels.

You collected 27 gold pieces.

Inventory:

Hand Weapons
 a - a +0 spear (weapon)
Armour
 b - a +0 animal skin (worn)
Scrolls
 c - a scroll of teleportation {unknown}


   Skills:
 - Level 3.0 Fighting
 + Level 3.3 Polearms
 - Level 1.7 Armour
 - Level 1.7 Dodging


You had one spell level left.
You didn't know any spells.
Your spell library was empty.

Dungeon Overview and Level Annotations

Branches:
Dungeon (1/15)

Altars:


Innate Abilities, Weirdness & Mutations

You regenerate magic rapidly.


Message History

The goblin hits you with a +0 dagger. The goblin hits you with a +0 dagger.
The goblin hits you with a +0 dagger. The goblin hits you but does no damage.
The goblin closely misses you. The goblin closely misses you.
The goblin hits you with a +0 dagger. The goblin closely misses you.
The ball python loses its grip on something.
A ball python comes into view.
The goblin hits you but does no damage.
The ball python hisses angrily.
The goblin completely misses you. The goblin hits you with a +0 dagger.
The goblin hits you with a +0 dagger. The goblin hits you with a +0 dagger.
The goblin hits you with a +0 dagger. The goblin hits you but does no damage.
The goblin hits you with a +0 dagger.
The ball python bites you but does no damage.
The ball python closely misses you. The goblin closely misses you.
The ball python misses you. The ball python closely misses you.
The goblin barely misses you. The ball python misses you.
The ball python barely misses you.
The ball python bites you but does no damage.
The ball python misses you. The goblin hits you with a +0 dagger.
* * * LOW HITPOINT WARNING * * *
The ball python barely misses you. The ball python closely misses you.
The goblin hits you but does no damage. The ball python barely misses you.
The ball python grabs you.
* * * LOW HITPOINT WARNING * * *
The ball python constricts you. The goblin hits you with a +0 dagger.
* * * LOW HITPOINT WARNING * * *
The ball python closely misses you. The ball python constricts you.
The goblin hits you but does no damage. The ball python closely misses you.
The ball python constricts you. The goblin closely misses you.
The ball python bites you.
You die...

#...(...# #..... ...
#.......## #..... ....
#........# #.....
....####........# #.....
................# #.....
................# #.....
..........†.....###.....
................#.......
......S@.PP.............
P♣♣♣..g♣♣♣......#.#.....
♣P.. ♣......#......†
♣P.. ♣......####....
P.... .PP.............
.............#####.....
.PPP........#.# #.....
.♣♣♣..P ♣.... ##.....
.......


You could see a goblin and a ball python.

Vanquished Creatures
  A ball python (D:1)
  2 bats (D:1)
  A giant cockroach (D:1)
  A goblin (D:1)
  A hobgoblin (D:1)
  2 rats (D:1)
8 creatures vanquished.

Vanquished Creatures (others)
  2 plants (D:1)
2 creatures vanquished.

Grand Total: 10 creatures vanquished

Notes
Turn   | Place    | Note
-------+----------+-------------------------------------------
     0 | D:1      | polve the Demonspawn Berserker began the quest for the Orb.
     0 | D:1      | Reached XP level 1. HP: 18/18 MP: 1/1
   263 | D:1      | Gained mutation: You regenerate magic rapidly. [demonic
                  | ancestry]
   263 | D:1      | Reached XP level 2. HP: 19/24 MP: 2/2
   398 | D:1      | HP: 1/24 [goblin/+0 dagger (2)]
   400 | D:1      | Slain by a ball python

Illustrated notes

Levels and vault maps discovered:
D:1:      dpeg_arrival_shelter, layout_basic, ebering_ecumenical_altar_mist,
          kennysheep_boxes

Skill      XL: |  1 |
---------------+----+-----
Polearms       | 3 |  3.3
Fighting       | |  3.0
Armour         | |  1.7
Dodging        | |  1.7

Action                   || total
-------------------------++-------
Melee: Spear             ||    45
 Stab: Sleeping          ||     1
Armor: Animal skin       ||    18
Dodge: Dodged            ||    49

Table legend: (Time is in decaauts)
 A = Elapsed time spent in this place.
 B = Non-inter-level travel time spent in this place.
 C = Inter-level travel time spent in this place.
 D = Time resting spent in this place.
 E = Time spent auto-exploring this place.
 F = Levels seen in this place.
 G = Mean time per level.
                   A        B        C        D        E       F      G
               +--------+--------+--------+--------+--------+-----+--------+
         Total |    398 |    398 |      0 |      0 |    309 |   1 |  398.0 |
       Dungeon |    398 |    398 |      0 |      0 |    309 |   1 |  398.0 |
               +--------+--------+--------+--------+--------+-----+--------+

Top non-repeatable levels by time:
     D:1: 398 daAuts
